 Dungeon Crawl Stone Soup version 0.27.1-33-g824d729ab1 (webtiles) character file.

Game seed: 1477478311520252604

120 Grabarz the Insei (level 5, -1/40 HPs)
             Began as a Gnoll Transmuter on Dec 9, 2021.
             Slain by an orc priest (5 damage)
             ... on level 3 of the Dungeon.
             The game lasted 00:14:36 (3015 turns).

Grabarz the Insei (Gnoll Transmuter)                Turns: 3015, Time: 00:14:36

Health: -1/40      AC:  2    Str: 10    XL:     5   Next: 4%
Magic:  11/12      EV: 13    Int: 13    God:
Gold:   132        SH:  0    Dex: 12    Spells: 4/14 levels left

rFire    . . .     SeeInvis .     - Unarmed
rCold    + . .     Faith    .   (no shield)
rNeg     . . .     Spirit   .   a - +0 robe
rPois    +         Reflect  .   (no helmet)
rElec    .         Harm     .   (no cloak)
rCorr    .         Rampage  .   (no gloves)
Will     .....                  (no boots)
Stlth    ++........             (no amulet)
HPRegen  0.13/turn              c - ring of protection from cold
MPRegen  0.13/turn              e - ring of poison resistance

@: wereblooded
A: fangs 1, strong nose, distributed training
a: no special abilities


You were on level 3 of the Dungeon.
You visited 1 branch of the dungeon, and saw 3 of its levels.

You collected 132 gold pieces.

Inventory:

Armour
 a - a +0 robe (worn)
Jewellery
 c - a ring of protection from cold (left hand)
 e - a ring of poison resistance (right hand)
Scrolls
 f - a scroll of holy word {unknown}
Potions
 b - a potion of flight
 d - 2 potions of curing
 g - a potion of magic {unknown}
 h - a potion of berserk rage {unknown}


   Skills:
 + Level 2.8 Fighting
 + Level 1.3 Short Blades
 + Level 1.3 Long Blades
 + Level 1.3 Axes
 + Level 1.3 Maces & Flails
 + Level 1.3 Polearms
 + Level 1.3 Staves
 + Level 1.3 Slings
 + Level 1.3 Bows
 + Level 1.3 Crossbows
 + Level 1.3 Throwing
 + Level 1.3 Armour
 + Level 4.7 Dodging
 + Level 1.3 Stealth
 + Level 1.3 Shields
 + Level 6.6 Unarmed Combat
 + Level 5.1 Spellcasting
 + Level 1.0 Conjurations
 + Level 1.0 Hexes
 + Level 1.0 Summonings
 + Level 1.0 Necromancy
 + Level 1.0 Translocations
 + Level 3.9 Transmutations
 + Level 1.0 Fire Magic
 + Level 1.0 Ice Magic
 + Level 1.0 Air Magic
 + Level 1.0 Earth Magic
 + Level 1.0 Poison Magic
 + Level 1.4 Invocations
 + Level 1.3 Evocations


You had 4 spell levels left.
You knew the following spells:

 Your Spells              Type           Power      Damage    Failure   Level
a - Beastly Appendage     Tmut           26%        N/A       3%          1
b - Wereblood             Tmut           13%        N/A       5%          2
c - Spider Form           Tmut/Pois      4%         N/A       21%         3
d - Ice Form              Ice/Tmut       9%         N/A       54%         4

Your spell library contained the following spells:

 Spells                   Type           Power      Damage    Failure   Level
 Sting                    Tmut/Pois      36%        1d4       7%          1
 Poisonous Vapours        Pois/Air       12%        N/A       19%         2
 Olgreb's Toxic Radiance  Pois           6%         N/A       75%         4


Dungeon Overview and Level Annotations

Branches:
Dungeon (3/15)

Altars:

Annotations:
D:3 2 transporters, hannobal's ghost, amateur PaAK


Innate Abilities, Weirdness & Mutations

You have very sharp teeth.
Your uncanny sense of smell can sniff out nearby items.
Your experience applies equally to all skills.


Message History

You punch the bat!
You kill the bat!
You have reached level 5!
Found 17 stones.
Found an escape hatch in the ceiling.
Found an orange potion.
h - an orange potion An orc comes into view.
It is wielding a +0 mace.
Casting: Wereblood (safe; 5% risk of failure)
Confirm with . or Enter, or press ? or * to list all spells.
Your blood is infused with primal strength.
The orc hits you with a +0 mace!
You punch the orc!
You feel a bit better.
You kill the orc!
An orc and an orc priest come into view.
Things that are here:
a +0 mace; an orc corpse The orc priest shouts!
The orc priest invokes the aid of Beogh against you.
Beogh smites you!
You catch the helpless orc completely off-guard!
You hit the orc.
The orc is heavily wounded.
You howl as the wereblood boils in your veins!
The orc priest calls upon Beogh to heal the orc.
The orc's wounds heal themselves!
The orc hits you with a +0 flail.
You punch the orc!
You feel a bit better.
You kill the orc!
The orc priest mumbles some strange prayers to Beogh against you.
Beogh smites you!
* * * LOW HITPOINT WARNING * * *
The orc priest hits you with a +0 flail!
* * * LOW HITPOINT WARNING * * *
You see here a +0 flail.
You hit the orc priest but do no damage.
Your bite misses the orc priest. The orc priest misses you.
You hit the orc priest. You bite the orc priest.
The orc priest is heavily wounded.
The orc priest hits you with a +0 flail.
You die...

#.#.# ##.#.##########
##########..............
#.....).....#.##########
#.########.##.##........
#.#...)..#.##.##.#######
#.#.###.##.##.##'##
#.#.#.#.##.##.#...#
#.#.#.#@##.##.#...######
#.#...#o##.##.#...<.....
#.###.#.##.##.#...######
#.# #.#.##.##........#
#.# #.#.##.##........#
#.# #.#.##.##........#
#.# #.#.##.##........#
#.# #.#.##.##........#
#.# #.#.##.##........#


You could see an orc priest.

Vanquished Creatures
  An orc wizard (D:3)
  A gnoll (D:1)
  2 adders
  2 worms
  2 dart slugs
  5 orcs (D:3)
  5 endoplasms
  3 goblins
  7 hobgoblins
  2 jackals (D:1)
  5 kobolds
  A quokka (D:1)
  5 ball pythons
  6 bats
  4 frilled lizards
  2 rats
53 creatures vanquished.

Notes
Turn   | Place    | Note
-------+----------+-------------------------------------------
     0 | D:1      | Grabarz the Gnoll Transmuter began the quest for the Orb.
     0 | D:1      | Reached XP level 1. HP: 17/17 MP: 6/6
   128 | D:1      | Reached XP level 2. HP: 23/23 MP: 5/7
   184 | D:1      | Learned a level 2 spell: Wereblood
   291 | D:1      | Reached XP level 3. HP: 27/28 MP: 6/9
   292 | D:1      | Reached skill level 5 in Spellcasting
   332 | D:1      | Learned a level 3 spell: Spider Form
  1112 | D:2      | Reached skill level 1 in Invocations
  1259 | D:2      | Reached skill level 1 in Short Blades
  1259 | D:2      | Reached skill level 1 in Long Blades
  1259 | D:2      | Reached skill level 1 in Axes
  1259 | D:2      | Reached skill level 1 in Maces & Flails
  1259 | D:2      | Reached skill level 1 in Polearms
  1259 | D:2      | Reached skill level 1 in Staves
  1259 | D:2      | Reached skill level 1 in Slings
  1259 | D:2      | Reached skill level 1 in Bows
  1259 | D:2      | Reached skill level 1 in Crossbows
  1259 | D:2      | Reached skill level 1 in Throwing
  1259 | D:2      | Reached skill level 1 in Armour
  1259 | D:2      | Reached skill level 1 in Stealth
  1259 | D:2      | Reached skill level 1 in Shields
  1259 | D:2      | Reached skill level 1 in Evocations
  1379 | D:2      | Reached XP level 4. HP: 34/34 MP: 8/11
  1467 | D:2      | Found a faded altar of an unknown god.
  1780 | D:3      | Learned a level 4 spell: Ice Form
  2133 | D:3      | Reached skill level 1 in Conjurations
  2133 | D:3      | Reached skill level 1 in Hexes
  2133 | D:3      | Reached skill level 1 in Summonings
  2133 | D:3      | Reached skill level 1 in Necromancy
  2133 | D:3      | Reached skill level 1 in Translocations
  2133 | D:3      | Reached skill level 1 in Fire Magic
  2133 | D:3      | Reached skill level 1 in Ice Magic
  2133 | D:3      | Reached skill level 1 in Air Magic
  2133 | D:3      | Reached skill level 1 in Earth Magic
  2133 | D:3      | Reached skill level 1 in Poison Magic
  2151 | D:3      | HP: 1/34 [orc (2)]
  2503 | D:3      | Found a transporter.
  2505 | D:3      | Noticed hannobal's ghost (amateur PaAK)
  2650 | D:3      | Found a transporter.
  2839 | D:3      | Reached XP level 5. HP: 40/40 MP: 12/12
  3015 | D:3      | Slain by an orc priest

Illustrated notes

Levels and vault maps discovered:
D:1:      dpeg_arrival_brainrot, layout_basic
D:2:      layout_rooms, shapermc_ecumenical_altar_pompeii, minmay_diced_spiral
D:3:      layout_basic, lemuel_coloured_pillars_altar, gammafunk_ghost_arena

Skill      XL: |  1  2  3  4 |
---------------+-------------+-----
Spellcasting   | 5 |  5.1
Invocations    | 1 |  1.4
Short Blades   | 1 |  1.3
Long Blades    | 1 |  1.3
Axes           | 1 |  1.3
Maces & Flails | 1 |  1.3
Polearms       | 1 |  1.3
Staves         | 1 |  1.3
Slings         | 1 |  1.3
Bows           | 1 |  1.3
Crossbows      | 1 |  1.3
Throwing       | 1 |  1.3
Armour         | 1 |  1.3
Stealth        | 1 |  1.3
Shields        | 1 |  1.3
Evocations     | 1 |  1.3
Conjurations   | 1 |  1.0
Hexes          | 1 |  1.0
Summonings     | 1 |  1.0
Necromancy     | 1 |  1.0
Translocations | 1 |  1.0
Fire Magic     | 1 |  1.0
Ice Magic      | 1 |  1.0
Air Magic      | 1 |  1.0
Earth Magic    | 1 |  1.0
Poison Magic   | 1 |  1.0
Fighting       | |  2.8
Dodging        | |  4.7
Unarmed Combat | |  6.6
Transmutations | |  3.9

Action                   |  1- 3 |  4- 6 || total
-------------------------+-------+-------++-------
Melee: Unarmed           |    65 |    73 ||   138
       Kick              |     5 |     2 ||     7
       Punch             |     3 |     2 ||     5
       Headbutt          |     2 |       ||     2
       Bite              |     1 |     5 ||     6
 Cast: Beastly Appendage |    11 |     3 ||    14
       Wereblood         |    11 |    12 ||    23
  Use: Potion            |     3 |     3 ||     6
       Scroll            |     1 |     2 ||     3
 Stab: Sleeping          |     1 |       ||     1
       Distracted        |       |     1 ||     1
Armor: Robe              |     7 |    18 ||    25
Dodge: Dodged            |    34 |    35 ||    69
